Map: Orbital Shipyard

Players

PiG - Winner!

  • Race: Zerg Zerg
  • League: Grandmaster

iaguz

  • Race: Terran Terran

Event: 2016 WCS Winter Challenger Oceania SEA

VOD

Have the link to the VOD?

Description

Time

  • Played on: Feb. 13, 2016, 11:27 p.m.
  • Length: 13:54

All games in this series

Show
View Real Time Build Order
Export as new Build Order

PiG Zerg - Winner!

Build Orders: Hatch First, Muta Ling Bane 

Get SALT Encoding   

  12  0:01  Drone  
  13  0:13  Overlord  
  13  0:17  Drone  
  14  0:31  Drone x2  
  14  0:35  Drone  
  17  0:52  Hatchery  
  17  0:54  Drone  
  17  0:57  Drone  
  18  1:10  Spawning Pool  
  17  1:12  Extractor  
  17  1:15  Drone  
  17  1:19  Drone  
  18  1:29  Drone  
  19  1:39  Overlord  
  19  1:50  Drone  
  20  1:57  Queen  
  23  2:01  Zergling x2  
  23  2:03  Queen  
  23  2:04  Zergling x2  
  26  2:12  Metabolic Boost, Zergling x2  
  27  2:18  Drone  
  28  2:23  Drone  
  29  2:33  Queen  
  31  2:43  Drone  
  31  2:49  Zergling x2, Queen  
  34  2:55  Overlord  
  34  2:57  Zergling x2  
  35  3:00  Drone  
  35  3:01  Overlord  
  36  3:13  Queen  
  36  3:14  Drone  
  36  3:16  Overlord  
  36  3:17  Drone x2  
  36  3:18  Drone x2  
  42  3:29  Hatchery  
  42  3:33  Zergling x2  
  42  3:46  Queen  
  42  3:47  Zergling x6  
  47  3:50  Drone x3  
  47  3:54  Drone  
  47  3:55  Drone  
  52  4:00  Queen  
  54  4:07  Drone x4  
  58  4:19  Overlord  
  58  4:22  Drone x2  
  60  4:26  Extractor  
  60  4:27  Extractor  
  59  4:33  Drone  
  61  4:38  Drone x3  
  61  4:39  Overlord x2, Drone  
  63  4:47  Drone  
  63  4:49  Drone x2  
  66  4:57  Evolution Chamber  
  66  4:58  Evolution Chamber  
  64  5:02  Overlord  
  64  5:03  Overlord  
  64  5:06  Extractor  
  64  5:07  Drone x2  
  64  5:08  Drone  
  66  5:15  Drone x3  
  69  5:25  Overlord  
  69  5:26  Zerg Ground Armor Level 1, Zerg Melee Weapons Level 1  
  69  5:36  Hatchery  
  69  5:38  Drone x7  
  69  5:39  Lair  
  75  5:43  Drone x3  
  75  5:47  Drone  
  79  5:53  Baneling Nest  
  79  5:55  Drone x2  
  79  5:56  Hatchery  
  79  5:57  Extractor  
  79  5:58  Extractor  
  79  5:59  Zergling x8  
  79  6:02  Drone x3  
  83  6:08  Drone  
  84  6:14  Extractor  
  84  6:15  Drone x3  
  86  6:20  Drone x3  
  86  6:21  Drone  
  86  6:23  Zergling x8  
  94  6:28  Overlord  
  94  6:34  Zergling x2  
  94  6:36  Centrifical Hooks  
  95  6:40  Spire, Zergling x8  
  95  6:46  Zergling x6  
  101  6:53  Baneling x6  
  100  6:56  Zergling x16  
  100  7:01  Overseer  
  108  7:02  Zergling x6  
  108  7:03  Baneling x4  
  108  7:05  Zergling x2  
  108  7:08  Zergling x6  
  115  7:17  Baneling x2  
  115  7:18  Zergling x12  
  109  7:33  Zerg Melee Weapons Level 2, Zerg Ground Armor Level 2  
  109  7:35  Drone x4  
  109  7:36  Drone x10  
  123  7:40  Pneumatized Carapace  
  123  7:46  Overlord  
  123  7:47  Overlord x2  
  123  7:48  Overlord  
  123  7:53  Baneling x6  
  123  7:54  Mutalisk x3  
  126  8:04  Mutalisk x2  
  126  8:05  Extractor  
  129  8:07  Extractor  
  129  8:10  Zergling x18  
  129  8:11  Mutalisk  
  139  8:16  Mutalisk  
  140  8:23  Zergling x12  
  140  8:24  Zergling x6  
  140  8:25  Baneling x5  
  149  8:35  Zergling x14  
  156  8:41  Mutalisk x3  
  156  8:48  Extractor  
  161  8:49  Drone  
  161  8:52  Mutalisk x2  
  161  8:54  Overlord x3  
  161  8:55  Overlord x2  
  166  8:59  Baneling x3  
  166  9:09  Infestation Pit, Zergling x2  
  166  9:21  Spore Crawler  
  166  9:22  Zerg Flyer Weapons Level 1, Mutalisk x3  
  166  9:23  Spore Crawler  
  166  9:24  Zergling x28  
  183  9:34  Zergling x10  
  156  9:54  Zergling x24  
  159  10:03  Hive  
  159  10:05  Pathogen Glands  
  159  10:06  Zergling x16  
  167  10:10  Baneling x8  
  167  10:11  Zergling x18  
  176  10:16  Hatchery  
  176  10:20  Zergling x4  
  176  10:21  Zergling x2  
  177  10:24  Zergling x6  
  177  10:27  Baneling x2  
  177  10:28  Baneling x7  
  180  10:31  Zergling x4  
  170  10:45  Zergling x14  
  166  11:02  Zergling x12  
  152  11:11  Zergling x8  
  152  11:12  Zergling x18  
  155  11:20  Zergling x10  
  155  11:21  Ultralisk Cavern  
  159  11:27  Overlord x2  
  159  11:28  Overlord x2  
  159  11:29  Greater Spire  
  159  11:32  Infestor x2  
  161  11:34  Infestor x2  
  167  11:44  Extractor  
  163  11:48  Extractor  
  163  11:54  Drone x2  
  163  11:55  Drone  
  165  12:04  Infestor x2  
  169  12:09  Chitinous Plating  
  169  12:10  Ultralisk x2  
  169  12:11  Ultralisk  
  169  12:15  Zergling x12  
  179  12:39  Ultralisk x3  
  179  12:43  Baneling  
  179  12:44  Baneling x2  
  191  13:04  Ultralisk  
  194  13:06  Corruptor x2  
  198  13:19  Baneling x14  
  189  13:37  Zergling x8  
Show
View Real Time Build Order
Export as new Build Order

iaguz Terran 

Build Orders: Bio Tank 

Get SALT Encoding   

  12  0:00  SCV  
  13  0:13  SCV  
  14  0:17  Supply Depot  
  14  0:25  SCV  
  14  0:28  Refinery  
  15  0:39  SCV  
  16  0:44  Barracks  
  16  0:51  SCV  
  17  1:01  Barracks  
  17  1:06  SCV  
  18  1:18  SCV  
  19  1:31  Orbital Command  
  19  1:32  Reaper  
  20  1:38  Supply Depot  
  20  1:48  Reaper  
  21  1:56  SCV  
  22  2:04  Reaper  
  23  2:09  SCV  
  23  2:14  Command Center  
  24  2:21  Refinery, SCV  
  24  2:22  Reaper  
  26  2:33  SCV  
  27  2:38  Reaper  
  28  2:45  SCV  
  29  2:56  Supply Depot  
  29  2:57  SCV, Reaper  
  31  3:10  Factory  
  31  3:18  SCV  
  32  3:26  Orbital Command  
  32  3:30  SCV  
  32  3:32  Command Center  
  33  3:40  Barracks Reactor, Barracks Tech Lab  
  33  3:42  SCV  
  34  3:54  SCV  
  35  3:55  SCV  
  36  4:04  Marine  
  36  4:06  Factory Tech Lab  
  36  4:07  Stimpack  
  36  4:08  SCV x2  
  39  4:19  Marine x2  
  39  4:20  SCV  
  39  4:22  SCV  
  39  4:23  Marine  
  44  4:25  Siege Tank  
  44  4:29  Barracks  
  47  4:32  SCV  
  47  4:33  Supply Depot  
  47  4:34  SCV  
  47  4:37  Marine x2  
  51  4:41  Marine  
  51  4:47  SCV x2  
  51  4:48  Orbital Command  
  53  4:55  Marine x2  
  53  4:59  Marine  
  56  5:03  SCV x2  
  56  5:05  Orbital Command  
  56  5:06  Starport  
  58  5:07  Refinery  
  58  5:08  Refinery  
  58  5:10  Factory Reactor  
  58  5:12  Marine  
  58  5:13  Marine  
  60  5:14  Engineering Bay x2  
  60  5:16  SCV x2  
  60  5:17  Marine  
  60  5:18  Barracks Reactor  
  63  5:28  SCV x2  
  63  5:30  SCV  
  66  5:35  Supply Depot  
  66  5:36  Supply Depot, Marine x3  
  66  5:40  SCV  
  66  5:41  SCV  
  66  5:42  SCV  
  72  5:53  Terran Infantry Weapons Level 1, SCV x2, Terran Infantry Armor Level 1  
  72  5:54  SCV  
  72  5:56  Medivac  
  77  5:57  Medivac, Marine x5  
  77  5:59  Supply Depot  
  84  6:05  SCV x2  
  84  6:07  Siege Tank  
  84  6:10  SCV  
  90  6:14  Supply Depot x2  
  90  6:16  Marine x3  
  93  6:21  SCV x2, Marine x2  
  93  6:23  SCV  
  98  6:27  Supply Depot  
  98  6:28  Combat Shields  
  98  6:33  SCV x2, Marine  
  98  6:36  SCV  
  98  6:37  Barracks  
  98  6:38  Barracks  
  102  6:41  Refinery  
  102  6:44  Siege Tank, Marine  
  102  6:45  Refinery, SCV, Marine  
  108  6:50  Marine  
  108  6:51  Marine  
  108  6:52  Supply Depot  
  108  6:53  SCV x2  
  112  6:56  Armory  
  112  6:57  SCV  
  113  7:05  SCV x2  
  115  7:13  Marine  
  115  7:14  Medivac x2, Marine x3  
  121  7:29  Marine  
  97  7:31  Barracks Reactor x2, Marine x2  
  97  7:33  Factory  
  97  7:34  Barracks  
  97  7:37  Supply Depot  
  97  7:38  Supply Depot  
  97  7:43  Marine x2  
  97  7:44  Siege Tank  
  102  7:47  Marine  
  102  7:49  Terran Infantry Weapons Level 2, Marine  
  104  7:55  Terran Infantry Armor Level 2  
  104  7:57  Marine  
  105  8:00  Marine  
  105  8:01  Marine  
  105  8:05  Marine  
  108  8:07  Marine x2  
  108  8:08  Marine x3  
  108  8:09  Medivac x2  
  108  8:10  Supply Depot  
  108  8:11  Barracks  
  117  8:13  Supply Depot  
  117  8:15  Marine  
  117  8:17  Siege Tank  
  117  8:18  Factory Tech Lab, Marine x2  
  123  8:23  Marine  
  124  8:31  Marine x5  
  124  8:32  Marine  
  129  8:35  Barracks Reactor  
  129  8:40  Marine x2  
  129  8:41  Marine  
  131  8:42  Siege Tank, Medivac x2  
  131  8:45  Missile Turret  
  131  8:46  Missile Turret  
  131  8:47  Missile Turret x2  
  138  8:48  Marine  
  138  8:49  Missile Turret, Marine x3  
  138  8:54  Command Center  
  142  9:06  Marine x5  
  147  9:12  Siege Tank, Barracks Tech Lab, Marine x2  
  151  9:19  Siege Tank, Marine x3  
  157  9:26  Marine x3  
  160  9:35  Marine x5  
  165  9:39  Supply Depot  
  165  9:40  Medivac x2  
  165  9:43  Supply Depot x2  
  149  9:48  Marine x2  
  149  9:49  Marine x4  
  137  9:56  Marine x5  
  123  10:02  Marine  
  123  10:06  Marine x2  
  126  10:07  Thor  
  132  10:15  Liberator x2  
  132  10:20  Thor  
  138  10:27  Marine x2  
  139  10:31  Marine  
  139  10:32  Marine x3  
  139  10:33  Marine x3  
  152  10:36  Missile Turret  
  152  10:37  Marine x3  
  154  10:44  Missile Turret  
  154  10:45  Marine x2  
  154  10:49  Marine x4  
  154  10:51  Marine x2  
  154  10:52  Thor, Marine  
  155  10:57  Marine x3  
  155  11:02  Marine x2  
  145  11:07  Marine x4  
  145  11:09  Marine x2  
  145  11:10  Marine  
  145  11:15  Marine x3  
  139  11:20  Marine x2  
  139  11:23  Siege Tank  
  139  11:25  Marine x4  
  146  11:26  Marine x2  
  150  11:46  SCV  
  151  11:53  Planetary Fortress  
  151  11:55  Missile Turret  
  151  11:56  Missile Turret  
  151  11:59  Marine  
  151  12:00  Marauder, Marine x7  
  151  12:01  Factory Tech Lab  
  161  12:10  Marine x2  
  161  12:11  Marauder  
  165  12:17  Marine x3  
  166  12:22  Marine  
  166  12:23  Marauder, Marine x4  
  166  12:28  Marine x2  
  167  12:32  Marauder, SCV  
  167  12:35  Marine x2  
  164  12:39  Marine  
  164  12:40  Marine x2  
  164  12:41  Marine  
  163  12:44  Marauder  
  165  12:52  Marine  
  165  12:53  Marauder, Marine x2  
  169  13:02  Marine x3  
  169  13:03  Factory Tech Lab  
  171  13:06  Marauder  
  173  13:15  Marauder  
  175  13:21  Marine x8  
  175  13:22  Marine  
  175  13:23  Marine  
  183  13:27  Marauder  
Tags
 
Add a new tag
Caveats
  • Supply blocks, unpowered buildings, or Contaminate may cause inaccurate times.
  • Supply counts are checked every 10 seconds.